 Dungeon Crawl Stone Soup version 0.25-a0-700-g7f8a7979f0 (webtiles) character file.

Game seed: 17910240876117900047, levelgen mode: deterministic

24 MisterFreud the Skirmisher (level 2, -3/22 HPs)
             Began as a Felid Berserker on Apr 2, 2020.
             Was a Follower of Trog.
             Slain by a worm (5 damage)
             ... on level 2 of the Dungeon.
             The game lasted 00:01:03 (954 turns).

MisterFreud the Skirmisher (Felid Berserker)         Turns: 954, Time: 00:01:04

Health: -3/22      AC:  1    Str: 13    XL:     2   Next: 79%
Magic:  3/3        EV: 19    Int:  8    God:    Trog [*.....]
Gold:   80         SH:  0    Dex: 15    Spells: 1/1 levels left
                                        Lives:  0   Deaths: 0

rFire    . . .     SeeInvis +     - Unarmed
rCold    . . .     Gourm    .   (shield unavailable)
rNeg     . . .     Faith    .   (armour unavailable)
rPois    .         Spirit   .   (helmet unavailable)
rElec    .         Reflect  .   (cloak unavailable)
rCorr    .         Harm     .   (gloves unavailable)
MR       .....                  (boots unavailable)
Stlth    ..........             (no amulet)
HPRegen  0.07/turn              (no ring)
MPRegen  0.08/turn              (no ring)

@: berserking, very quick
A: very small, no armour, no weapons or thrown items, stealth, claws 1, fangs 3,
see invisible, carnivore, speed 1, shaggy fur 1, slow metabolism 1, sharp paws
a: Berserk, Renounce Religion


You were on level 2 of the Dungeon.
You worshipped Trog.
Trog was aware of your devotion.
You were full.

You visited 1 branch of the dungeon, and saw 2 of its levels.

You collected 80 gold pieces.

Inventory:

Scrolls
 b - 2 scrolls of identify {unknown}
 e - a scroll of fear {unknown}
Potions
 c - a potion of cancellation {unknown}
 d - 3 potions of heal wounds {unknown}
 f - a potion of brilliance {unknown}
Comestibles
 a - 3 rations


   Skills:
 * Level 4.1 Fighting
 - Level 4.0 Dodging
 - Level 3.0 Unarmed Combat


You had one spell level left.
You didn't know any spells.
Your spell library was empty.

Dungeon Overview and Level Annotations

Branches:
Dungeon (2/15)

Altars:


Innate Abilities, Weirdness & Mutations

You cannot wear armour.
You are incapable of wielding weapons or throwing items.
Your paws allow you to move quietly. (Stealth)
You have sharp claws.
You have razor-sharp teeth.
You have supernaturally acute eyesight. (SInv)
You are carnivorous and can eat meat at any time.
You cover ground quickly.
You are covered in fur. (AC +1)
You have a slow metabolism.
Your sharp claws are effective at attacking unaware monsters.


Message History

You are exhausted.
You feel yourself slow down.
There is a stone staircase leading up here.
You climb upwards.
There is a stone staircase leading down here.
You start waiting.
You feel yourself speed up.
You start waiting.
You recover from your berserk rage.
You climb downwards.
The worm bites you.
There is a stone staircase leading up here.
You scratch the worm but do no damage. You scratch the worm.
The worm is moderately wounded.
The worm bites you!
Ouch! That really hurt!
* * * LOW HITPOINT WARNING * * *
A red film seems to cover your vision as you go berserk!
You feel yourself moving faster!
You feel mighty! The worm bites you.
You die...

#..##.###. .
##?[...... ...
.#........######...
...........#..$..#.
#...†...........
..##...............
#.......>.......$.
...#...............
...#......@........
..........w........
.........(.........
...................
...$........######.
......#.......
...$#..##......
.#(##. ........ #
## #.......


You could see a worm.

Vanquished Creatures
  A worm (D:2)
  A dart slug (D:1)
  4 leopard geckos (D:1)
  2 bats
  3 goblins
  A hobgoblin (D:1)
  2 frilled lizards (D:1)
  A kobold (D:1)
  A rat (D:1)
16 creatures vanquished.

Notes
Turn   | Place    | Note
-------+----------+-------------------------------------------
     0 | D:1      | MisterFreud the Felid Berserker began the quest for the
                  | Orb.
     0 | D:1      | Reached XP level 1. HP: 10/10 MP: 2/2
   202 | D:1      | Reached XP level 2. HP: 9/14 MP: 3/3
   954 | D:2      | Slain by a worm

Levels and vault maps discovered:
D:1:      dpeg_arrival_boxes_within_box, layout_basic
D:2:      layout_rooms, nicolae_dithmenos_shadow_blocks, serial_forest,
          infiniplex_forest_end_1, infiniplex_forest_lined_1

Skill      XL: |  1  2 |
---------------+-------+-----
Fighting       | 4 |  4.1
Dodging        | |  4.0
Unarmed Combat | |  3.0

Action                   || total
-------------------------++-------
Melee: Unarmed           ||    40
       Bite              ||     2
Invok: Berserk           ||     3
  Eat: Chunk             ||     7
Armor: Skin              ||     2
Dodge: Dodged            ||    36

Table legend:
 A = Non-vault XP
 B = Vault XP
 C = Vault XP percentage of total XP
 D = Non-vault monster count
 E = Vault monster count
 F = Vault count percentage of total count
                 A         B        C        D         E       F
            +---------+---------+-------+---------+---------+-------
      Total |      35 |       0 |   0.0 |      16 |       0 |   0.0
            +---------+---------+-------+---------+---------+-------
        D:1 |      28 |       0 |   0.0 |      13 |       0 |   0.0
        D:2 |       7 |       0 |   0.0 |       3 |       0 |   0.0
            +---------+---------+-------+---------+---------+-------
